 Dungeon Crawl Stone Soup version 0.30-a0-696-g2367cd04db (webtiles) character file.

Game seed: 12096138008968859954

1 KennySheep the Insei (level 1, 0/16 HPs)
             Began as a Meteoran Transmuter on Jan 21, 2023.
             Constricted to death by a ball python (1 damage)
             ... on level 1 of the Dungeon.
             The game lasted 00:01:02 (51 turns).

KennySheep the Insei (Meteoran Transmuter)            Turns: 51, Time: 00:01:03

Health: 0/16       AC:  2    Str: 11    XL:     1   Next: 28%
Magic:  4/5        EV:  9    Int: 14    God:
Gold:   11         SH:  0    Dex: 14    Spells: 4/5 levels left

rFire   . . .      SeeInvis .      - Unarmed
rCold   . . .      Faith    .    (no shield)
rNeg    . . .      Spirit   .    a - +0 robe
rPois   .          Reflect  .    (helmet currently unavailable)
rElec   .          Harm     .    (no cloak)
rCorr   .          Rampage  .    (no gloves)
Will    .....                    (boots currently unavailable)
Stlth   +                        (no amulet)
HPRegen 0.22/turn                (no ring)
MPRegen 0.09/turn                (no ring)

@: appendages, glowing, constricted
A: horns 2, talons 2, sense surroundings 1, otherworldly, glowing, explore regen
a: End Transformation


You were on level 1 of the Dungeon.
You had temporarily grown beastly horns and talons.
You visited 1 branch of the dungeon, and saw 1 of its levels.

You collected 11 gold pieces.

Inventory:

Armour
 a - a +0 robe (worn)
Potions
 b - a potion of lignification


   Skills:
 + Level 1.1 Fighting
 + Level 2.4 Dodging
 * Level 3.6 Unarmed Combat
 + Level 2.7 Spellcasting
 * Level 2.4 Transmutations
 * Level 0.1 Poison Magic


You had 4 spell levels left.
You knew the following spells:

 Your Spells              Type           Power      Damage    Failure   Level
a - Beastly Appendage     Tmut           16%        N/A       9%          1

Your spell library contained the following spells:

 Spells                   Type           Power      Damage    Failure   Level
 Wereblood                Tmut           8%         N/A       12%         2
 Spider Form              Tmut/Pois      5%         N/A       36%         3
 Ice Form                 Ice/Tmut       5%         N/A       80%         4


Dungeon Overview and Level Annotations

Branches:
Dungeon (1/15) Zot: 548

Altars:


Innate Abilities, Weirdness & Mutations

You have temporarily grown beastly horns and talons.
You passively map a small area around you.
You are easily found by Zot.
You glow in the dark.
You regain HP and MP as you explore.


Message History

You kill the frilled lizard!
No target in view!
Your horns disappear.
Your talons disappear.
Found a stone staircase leading down.
Found a scroll labelled LECYAL KIQUIC.
Found a stone staircase leading down.
Found a scale mail.
A kobold comes into view. It is wielding a +0 whip.
The kobold shouts!
You hear a shout!
You hear an angry hiss. x2
A bat comes into view.
The bat moves out of view.
No target in view!
A hobgoblin comes into view.
A ball python comes into view.
The kobold hits you with a +0 whip.
You miss the bat. The bat barely misses you. The kobold misses you.
You closely miss the kobold. The bat hits you but does no damage.
The kobold hits you with a +0 whip.
You hit the kobold.
The kobold is heavily wounded.
The bat closely misses you. The bat hits you. The kobold misses you.
You grow a pair of large bovine horns.
Your feet morph into talons.
The bat closely misses you. The kobold hits you with a +0 whip.
You hit the kobold. You claw the kobold, but do no damage.
The kobold is severely wounded.
The bat hits you. The hobgoblin completely misses you.
The kobold barely misses you. The hobgoblin attacks as you move away!
The hobgoblin hits you.
* * * LOW HITPOINT WARNING * * *
The bat hits you.
* * * LOW HITPOINT WARNING * * *
The bat closely misses you. The bat attacks as you move away!
The bat hits you but does no damage. The bat closely misses you.
The ball python attacks as you move away!
The ball python bites you.
* * * LOW HITPOINT WARNING * * *
The ball python barely misses you. The ball python bites you.
* * * LOW HITPOINT WARNING * * *
The ball python grabs you. The ball python constricts you.
You die...

...... #.# ###...#*
,,
.###[.>.####.###...#
, *
#................###
* *
.............###...#
..........####
##..#.# * , *
###...#K.###
#.#†..###** *,
#..?..bg.#
#.###..... ,
*#.>#####S#
#.###.#### .... #@#
##...# .... * *#.#
##..# * * ..# ,,..#
#..# * *# ,...# #..#
* * * , , ....# #..#
* , .....# #..# , *,
, ##...## #..# , , *
#### #..# ,, ,
##'###+#


You could see a hobgoblin and a ball python.

Vanquished Creatures
  A bat (D:1)
  A frilled lizard (D:1)
2 creatures vanquished.

Notes
Turn   | Place    | Note
-------+----------+-------------------------------------------
     0 | D:1      | KennySheep the Meteoran Transmuter began the quest for the
                  | Orb.
     0 | D:1      | Reached XP level 1. HP: 16/16 MP: 5/5
    51 | D:1      | Constricted to death by a ball python

Illustrated notes

Levels and vault maps discovered:
D:1:      tarquinn_simple_flora_water_d, layout_loops_ring, moated_statue,
          minmay_misc_feat_columns, hangedman_decor_clover_reticule

Action                   || total
-------------------------++-------
Melee: Unarmed           ||     9
       Kick              ||     1
 Cast: Beastly Appendage ||     2
Armor: Robe              ||     4
Dodge: Dodged            ||    12

Table legend: (Time is in decaauts)
 A = Elapsed time spent in this place.
 B = Non-inter-level travel time spent in this place.
 C = Inter-level travel time spent in this place.
 D = Time resting spent in this place.
 E = Time spent auto-exploring this place.
 F = Levels seen in this place.
 G = Mean time per level.
                   A        B        C        D        E       F      G
               +--------+--------+--------+--------+--------+-----+--------+
         Total |     50 |     50 |      0 |      0 |      6 |   1 |   50.0 |
       Dungeon |     50 |     50 |      0 |      0 |      6 |   1 |   50.0 |
               +--------+--------+--------+--------+--------+-----+--------+

Top non-repeatable levels by time:
     D:1: 50 daAuts
